 Dungeon Crawl Stone Soup version 0.31-a0-675-g238779eb0a (webtiles) character file.

Game seed: 10233281238829185026

44 qw the Shooter (level 3, 0/21 HPs)
             Began as a Gargoyle Hunter on Sept 5, 2023.
             Slain by a worm (8 damage)
             ... on level 2 of the Dungeon.
             The game lasted 00:00:20 (850 turns).

qw the Shooter (Gargoyle Hunter)                     Turns: 850, Time: 00:00:21

Health: 0/21       AC:  8    Str: 14    XL:     3   Next: 60%
Magic:  3/3        EV: 11    Int:  9    God:
Gold:   71         SH:  0    Dex: 15    Spells: 2/2 levels left

rFire   . . .        Y - +0 shortbow
rCold   . . .        (shield currently unavailable)
rNeg    + . .        e - +0 ring mail
rPois   inf          (no helmet)
rElec   +            (no cloak)
rCorr   .            (no gloves)
SInv    .            (no boots)
Will    .....        (no amulet)
Stlth   +            (no ring)
HPRegen 0.23/turn    (no ring)
MPRegen 0.08/turn

%: no passive effects
@: no status effects
A: sickness immunity, AC +3, negative energy resistance 1, electricity
resistance, torment resistance 1, petrification resistance
a: no special abilities


You were on level 2 of the Dungeon.
You visited 1 branch of the dungeon, and saw 2 of its levels.

You collected 71 gold pieces.


Innate Abilities, Weirdness & Mutations

You are immune to sickness and miasma.
Your stone body is resilient. (AC +3)
You are immune to poison.
You resist negative energy. (rN+)
You are resistant to electric shocks. (rElec)
You are resistant to unholy torment.
You are immune to petrification.


   Skills:
 - Level 2.1 Fighting
 + Level 4.9 Ranged Weapons
 - Level 1.5 Armour
 - Level 1.5 Dodging
 - Level 1.1 Stealth


You had 2 spell levels left.
You didn't know any spells.
Your spell library was empty.

Inventory:

Hand Weapons
 Y - a +0 shortbow (weapon)
Armour
 e - a +0 ring mail (worn)
Potions
 g - a potion of curing {unknown}
 h - a potion of haste {unknown}

Dungeon Overview and Level Annotations

Branches:
Dungeon (2/15)

Altars:

Annotations:
D:2 Robin


Message History

You shoot an arrow. The arrow hits the hobgoblin.
You kill the hobgoblin!
Robin hits you but does no damage. The goblin hits you with a +0 club.
The rat misses you. Robin hits you but does no damage.
The rat bites you but does no damage. The goblin barely misses you.
You shoot an arrow. The arrow closely misses the rat.
Robin hits you but does no damage. The rat barely misses you.
The goblin completely misses you.
You shoot an arrow. The arrow closely misses the rat.
Robin hits you from afar with a +0 spear.
The rat closely misses you. The goblin closely misses you.
You shoot an arrow. The arrow hits the rat.
You kill the rat!
Robin hits you from afar with a +0 spear.
The goblin hits you but does no damage. Robin hits you but does no damage.
The goblin hits you but does no damage.
You shoot an arrow. The arrow closely misses the goblin.
Robin barely misses you. The goblin closely misses you.
You shoot an arrow. The arrow hits the goblin!
You kill the goblin!
Robin hits you but does no damage.
You shoot an arrow. The arrow closely misses Robin.
The arrow hits the worm but does no damage.
Robin hits you but does no damage.
You shoot an arrow. The arrow hits Robin.
Robin is moderately wounded.
Robin misses you.
You shoot an arrow. The arrow hits the worm.
The worm is lightly wounded.
Robin hits you but does no damage. x2
You shoot an arrow. The arrow barely misses the worm.
The arrow hits Robin.
Robin is severely wounded.
The worm misses you. Robin barely misses you.
You shoot an arrow.
The arrow hits the worm but does no damage.
Robin barely misses you. The worm bites you but does no damage.
You shoot an arrow. The arrow hits the worm.
The worm is moderately wounded.
Robin closely misses you. The worm bites you!
You die...

###...####.###
.....## #...##
.##.## ###..#
..... ##.#
###.# #.####
#.# #....# #..
####.# #)# #@#
#...w)#
#..%%.g.).
.............
...............
.#.............
#.............
#....$........


You could see a worm and Robin.

Vanquished Creatures
  An adder (D:2)
  2 dart slugs (D:1)
  2 endoplasms (D:2)
  6 goblins (D:2)
  6 hobgoblins
  2 ball pythons (D:2)
  4 bats
  4 frilled lizards
  2 kobolds (D:1)
  A rat (D:2)
30 creatures vanquished.

Notes
Turn   | Place    | Note
-------+----------+-------------------------------------------
     0 | D:1      | qw the Gargoyle Hunter began the quest for the Orb.
     0 | D:1      | Reached XP level 1. HP: 12/12 MP: 1/1
     0 | D:1      | 0 ||| qw: Version: 0.3-a-75-g829b12e
     0 | D:1      | 0 ||| qw: Game counter: 101
     0 | D:1      | 0 ||| qw: Melee chars always use a shield: true
     0 | D:1      | 0 ||| qw: God list: Okawaru
     0 | D:1      | 0 ||| qw: Allow faded altars: false
     0 | D:1      | 0 ||| qw: Do Orc after clearing Dungeon:15 true
     0 | D:1      | 0 ||| qw: Do second Lair branch before Depths: true
     0 | D:1      | 0 ||| qw: Lair rune preference: random
     0 | D:1      | 0 ||| qw: Goals: Normal
     0 | D:1      | 0 ||| PLANNING D:1-11
   371 | D:1      | Reached XP level 2. HP: 17/17 MP: 2/2
   647 | D:1      | 647 ||| UPGRADING to +0 ring mail.
   657 | D:1      | 657 ||| DROPPING +0 leather armour.
   658 | D:1      | 658 ||| READING scroll labelled PAEVUNI URIUM.
   659 | D:1      | 659 ||| READING scroll labelled JAOZXUMERO.
   660 | D:1      | 660 ||| READING scroll labelled GUTZOS BAEFEDD.
   661 | D:1      | 661 ||| DROPPING scroll of butterflies.
   749 | D:2      | Reached skill level 1 in Armour
   749 | D:2      | Reached XP level 3. HP: 14/21 MP: 3/3
   826 | D:2      | Noticed Robin
   842 | D:2      | HP: 5/21 [Robin/+0 spear (2)]
   850 | D:2      | Slain by a worm

Levels and vault maps discovered:
D:1:      dpeg_arrival_connections, layout_basic, serial_forest,
          infiniplex_forest_lined_3, infiniplex_forest_lined_corner,
          infiniplex_forest_corner_1, infiniplex_forest_end_2,
          infiniplex_forest_corner_1, infiniplex_forest_straight_2, minivault_23
D:2:      layout_rooms, amcnicky_mini_rare_corridor_liquid, uniq_robin

Skill      XL: |  1  2 |
---------------+-------+-----
Armour         | 1 |  1.5
Fighting       | |  2.1
Ranged Weapons | |  4.9
Dodging        | |  1.5
Stealth        | |  1.1

Action                     || total
---------------------------++-------
   Fire: Shortbow          ||    91
    Use: Scroll            ||     3
 Armour: Leather armour    ||    14
         Ring mail         ||    53
  Dodge: Dodged            ||    77

Table legend:
 A = Non-vault XP
 B = Vault XP
 C = Vault XP percentage of total XP
 D = Non-vault monster count
 E = Vault monster count
 F = Vault count percentage of total count
                 A         B        C        D         E       F
            +---------+---------+-------+---------+---------+-------
      Total |      43 |      20 |  31.7 |      20 |      10 |  33.3
            +---------+---------+-------+---------+---------+-------
        D:1 |      18 |       0 |   0.0 |      10 |       0 |   0.0
        D:2 |      25 |      20 |  44.4 |      10 |      10 |  50.0
            +---------+---------+-------+---------+---------+-------
